AoeStats
← cmcconnell49

Arabia

505506495Analyzed
1v1 RM · 22d ago on Sep 9, 2026· 32m 47s· 2 players
Game mode
Random Map
Map size
Tiny (2 player)
Population
200
Speed
Normal
Resources
Standard
Victory
Conquest
Starting age
Dark Age
Ending age
Imperial Age
RankedLock teamsTeams togetherTeam positionsShared explorationLock speedFull tech treeHidden civsTurbo modeCheats
Victory
Defeat
🇫🇷 Lithuanians · France
892
+15
🇺🇸 Japanese · United States
878
-15
cmcconnell49
5:14 Loom
9:42 Feudal Age
10:08 Double-Bit Axe
13:17 Wheelbarrow
13:29 Town Watch
13:50 Horse Collar
25:28 Castle Age
24:19 Fletching
24:31 Padded Archer Armor
25:47 Elite Skirmisher
26:33 Bodkin Arrow
26:56 Leather Archer Armor
GENTIL PANDA
7:31 Loom
9:47 Feudal Age
13:25 Double-Bit Axe
14:45 Horse Collar
18:08 Wheelbarrow
18:00 Fletching
23:29 Castle Age
22:28 Bloodlines
22:24 Scale Barding Armor
22:30 Forging
25:31 Husbandry
25:47 Bow Saw
25:38 Heavy Plow
25:29 Gold Mining
25:30 Stone Mining
31:42 Chain Barding Armor
31:58 Iron Casting
Connection lost

Rejoining the realm…

Still unreachable

The connection could not be restored.

Session expired

The server has moved on; the page needs a fresh start.